Map: Ultralove

Players

iPlayDefense

  • Race: Terran Terran
  • League: Silver
  • Spawn Location: 1:00

Volvere - Winner!

  • Race: Zerg Zerg
  • League: Silver
  • Spawn Location: 7:00

VOD

Have the link to the VOD?

Description

Time

  • Played on: April 13, 2025, 10:25 a.m.
  • Length: 5:57
Show
View Real Time Build Order
Export as new Build Order

iPlayDefense Terran 

Build Orders:  

Get SALT Encoding   

  13  0:21  SCV  
  13  0:25  Supply Depot  
  13  0:33  SCV  
  13  0:34  Refinery  
  14  0:45  SCV  
  15  0:50  Barracks  
  15  1:05  Supply Depot  
  15  1:37  Orbital Command  
  15  1:38  Barracks Reactor  
  15  1:56  Command Center  
  15  2:03  SCV  
  17  2:15  SCV  
  17  2:16  Marine  
  17  2:17  Marine  
  19  2:46  Factory  
  19  2:50  SCV  
  20  2:53  Marine x2  
  22  3:02  SCV  
  23  3:10  Marine  
  24  3:14  SCV  
  24  3:19  Barracks  
  25  3:20  Barracks  
  25  3:26  SCV  
  26  3:31  Supply Depot  
  26  3:38  SCV  
  26  3:40  Orbital Command  
  27  3:43  Factory Tech Lab  
  27  4:05  Bunker  
  27  4:11  SCV x2  
  27  4:12  Marine x2  
  27  4:16  Barracks Tech Lab  
  31  4:17  Barracks Tech Lab  
  31  4:23  Siege Tank, SCV  
  35  4:30  Marine x2  
  37  4:37  Supply Depot  
  37  4:48  Marine  
  37  4:51  Engineering Bay  
  38  4:55  Supply Depot  
  38  4:58  Refinery  
  38  5:15  Supply Depot  
  38  5:22  SCV x2  
  38  5:23  Marine x3  
  38  5:24  Marine  
  44  5:34  SCV  
Show
View Real Time Build Order
Export as new Build Order

Volvere Zerg - Winner!

Build Orders: Pool First, Zergling Baneling 

Get SALT Encoding   

  12  0:00  Drone  
  13  0:09  Drone  
  14  0:16  Overlord  
  14  0:34  Drone  
  14  0:35  Drone x2  
  17  0:46  Spawning Pool  
  16  0:51  Drone  
  17  1:02  Drone  
  18  1:15  Hatchery  
  17  1:20  Extractor  
  17  1:22  Drone x2  
  18  1:29  Drone  
  19  1:34  Queen  
  21  1:41  Overlord  
  21  1:52  Overlord  
  21  2:09  Zergling x2  
  22  2:23  Zergling x4  
  24  2:35  Roach Warren, Drone  
  24  2:45  Queen  
  24  2:47  Drone  
  24  2:48  Drone x5  
  32  2:53  Drone  
  33  3:11  Overlord  
  33  3:12  Overlord  
  33  3:16  Drone x2  
  35  3:28  Metabolic Boost  
  35  3:32  Roach  
  35  3:33  Roach x4  
  45  3:35  Roach  
  47  3:55  Baneling Nest  
  46  3:56  Drone  
  46  3:58  Zergling x2  
  46  3:59  Zergling x8  
  52  4:06  Overlord x2  
  52  4:12  Overlord  
  52  4:13  Overlord x2  
  52  4:28  Extractor  
  52  4:29  Drone x3  
  54  4:32  Drone  
  55  4:45  Baneling x5  
  55  4:46  Baneling x2  
  55  4:48  Baneling  
  55  4:50  Zergling x14  
  62  5:00  Drone  
  63  5:09  Baneling x4  
  63  5:15  Drone  
  63  5:16  Drone x6  
  70  5:35  Extractor  
Tags
 
Matchup
TvZ
Opening
Pool First
Replay Pack
DaveSC2
Spawn Locations
Cross Positions
Add a new tag
Caveats
  • Supply blocks, unpowered buildings, or Contaminate may cause inaccurate times.
  • Supply counts are checked every 10 seconds.